 Dungeon Crawl Stone Soup version 0.19.1 (webtiles) character file.

1780 Minion the Cudgeler (level 9, 0/43 HPs)
             Began as a Vine Stalker Fighter on Dec 25, 2016.
             Slain by a killer bee (3 damage)
             ... on level 7 of the Dungeon.
             The game lasted 00:18:27 (5153 turns).

Minion the Cudgeler (Vine Stalker Fighter)          Turns: 5153, Time: 00:18:27

Health: 0/43       AC:  6    Str: 20    XL:     9   Next: 8%
Magic:  0/10       EV: 10    Int:  8    God:
Gold:   167        SH: 11    Dex: 16    Spells: 0 memorised, 8 levels left

rFire  . . .     SeeInvis .     j - +3 mace
rCold  . . .     Gourm    .     b - +0 scale mail
rNeg   . . .     Faith    .     c - +0 shield
rPois  .         Spirit   +     l - +0 hat
rElec  .         Reflect  .     (no cloak)
rCorr  .         Harm     .     (no gloves)
MR     +....                    (no boots)
Stlth  ..........               y - amulet of regeneration
                                (no ring)
                                (no ring)

@: lethally poisoned (0 -> -1)
A: fangs 3, regeneration 1, magic shield, antimagic bite, no device heal 3, rot
immunity
a: no special abilities


You were on level 7 of the Dungeon.
You were not hungry.

You visited 1 branch of the dungeon, and saw 7 of its levels.

You collected 254 gold pieces.
You spent 87 gold pieces at shops.

Inventory:

Hand Weapons
 j - a +3 mace (weapon)
 w - a +1 vampiric trident
 F - a +1 flail of protection
Armour
 b - a +0 scale mail (worn)
 c - a +0 shield (worn)
 l - a +0 hat (worn)
Magical Staves
 v - an uncursed staff of poison
Jewellery
 y - an amulet of regeneration (around neck)
Wands
 u - a wand of iceblast (7/15)
 A - a wand of heal wounds (6/9)
 G - a wand of slowing (14/48)
Scrolls
 a - a scroll of magic mapping {unknown}
 e - 2 scrolls of remove curse
 k - 2 scrolls of immolation {unknown}
 n - a scroll of teleportation
 o - 3 scrolls of identify
 p - a scroll of fog {unknown}
 s - a scroll of enchant weapon {unknown}
 z - a scroll of amnesia {unknown}
Potions
 d - a potion of might
 h - 3 potions of berserk rage
 i - 2 potions of heal wounds
 r - 2 potions of brilliance {unknown}
 t - a potion of cure mutation
 x - a potion of resistance {unknown}
 C - a potion of flight {unknown}
Books
 D - a book of Minor Magic

   Spells                             Type                      Level
   a - Magic Dart                     Conjuration                  1
   b - Blink                          Translocation                2
   c - Call Imp                       Summoning                    2
   d - Repel Missiles                 Charms/Air                   2
   e - Slow                           Hexes                        2
   f - Conjure Flame                  Conjuration/Fire             3
   g - Mephitic Cloud                 Conjuration/Poison/Air       3
Comestibles
 f - 6 bread rations
 g - a slice of pizza
 q - 11 fruits
 B - a beef jerky
 E - a meat ration


   Skills:
 - Level 2.6 Fighting
 + Level 7.6 Maces & Flails
 - Level 2.4 Armour
 - Level 4.0 Dodging
 - Level 6.3 Shields


You had 8 spell levels left.
You didn't know any spells.

Dungeon Overview and Level Annotations

Branches:
Dungeon (7/15)
 Temple: D:4-7

Altars:
Ru

Shops:
D:4 [   D:5 *

Annotations:
D:4 1 runed door


Innate Abilities, Weirdness & Mutations

You have razor-sharp teeth.
Your natural rate of healing is unusually fast.
When hurt, damage is shared between your health and your magic reserves.
Your bite disrupts and absorbs the magic of your enemies.
Potions and wands cannot restore your health.
You are immune to rotting.


Message History

Your system rejects the healing.
You feel better. You block the killer bee's attack. The killer bee stings you.
* * * LOW HITPOINT WARNING * * *
You are poisoned.
The killer bee poisons you! You block the killer bee's attack.
The crimson imp blinks!
The killer bee closely misses you.
The killer bee stings you but does no damage.
The killer bee stings you.
* * * LOW HITPOINT WARNING * * *
Your system rejects the healing.
You feel better. The killer bee stings you.
* * * LOW HITPOINT WARNING * * *
The killer bee barely misses you.
The killer bee stings you but does no damage.
You block the killer bee's attack. The killer bee stings you.
* * * LOW HITPOINT WARNING * * *
You are poisoned.
The killer bee poisons you! You block the killer bee's attack.
You feel sick. The killer bee barely misses you. x2
You block the killer bee's attack. The killer bee stings you.
You die...

................#
................#
................#
................#
................#
...?............#
........>.......#
..........y.....#
.........†y@....#
#.........y.....#
###.............#
###...........#
...........####
.........###
.........#
........##
....##..#


You could see 3 killer bees.

Vanquished Creatures
  Duvessa (D:6)
  2 ice beasts (D:6)
  2 ogres
  2 necrophages
  A bullfrog (D:6)
  Dowan (D:6)
  A water moccasin skeleton (D:6)
  A killer bee (D:7)
  2 howler monkeys
  A crimson imp (D:5)
  2 hounds
  A gnoll shaman (D:5)
  2 iguanas
  5 orc wizards (D:5)
  Natasha (thrice) (D:4)
  4 worker ants
  A killer bee zombie (D:5)
  A hound skeleton (D:4)
  15 gnolls
  6 adders
  3 shadow imps (D:5)
  3 worms
  A dart slug (D:1)
  6 leopard geckos
  22 orcs
  3 giant cockroaches
  8 goblins
  7 hobgoblins
  12 jackals
  3 quokkas
  3 bats
  4 frilled lizards (D:2)
  A giant cockroach zombie (D:6)
  9 kobolds
  A leopard gecko skeleton (D:4)
  A quokka skeleton (D:5)
  7 rats
148 creatures vanquished.

Notes
Turn   | Place    | Note
-------+----------+-------------------------------------------
     0 | D:1      | Minion the Vine Stalker Fighter began the quest for the Orb.
     0 | D:1      | Reached XP level 1. HP: 11/11 MP: 2/2
    50 | D:1      | Reached skill level 2 in Maces & Flails
   108 | D:1      | Reached XP level 2. HP: 12/16 MP: 3/3
   713 | D:2      | Reached skill level 3 in Maces & Flails
   724 | D:2      | Reached XP level 3. HP: 13/19 MP: 4/4
   785 | D:2      | Gained mutation: Your natural rate of healing is unusually fast. [Vine Stalker growth]
   785 | D:2      | Reached XP level 4. HP: 18/23 MP: 5/5
   870 | D:2      | Reached skill level 4 in Maces & Flails
  1034 | D:2      | Found a faded altar of an unknown god.
  1490 | D:3      | Reached XP level 5. HP: 27/27 MP: 6/6
  1533 | D:3      | Reached skill level 5 in Maces & Flails
  2129 | D:4      | Reached XP level 6. HP: 30/32 MP: 7/7
  2291 | D:4      | Found a sacrificial altar of Ru.
  2291 | D:4      | Found a faded altar of an unknown god.
  2296 | D:4      | Found a faded altar of an unknown god.
  2299 | D:4      | Found a faded altar of an unknown god.
  2301 | D:4      | Found a faded altar of an unknown god.
  2488 | D:4      | Noticed Natasha
  2506 | D:4      | Killed Natasha
  2542 | D:4      | Found Buschypp's Armour Boutique.
  2545 | D:4      | Noticed a necrophage
  2550 | D:4      | Killed a necrophage
  2582 | D:4      | Reached skill level 5 in Shields
  2637 | D:4      | Noticed Natasha
  2646 | D:4      | Killed Natasha
  2646 | D:4      | Reached XP level 7. HP: 34/35 MP: 6/8
  2832 | D:4      | Noticed Natasha
  2836 | D:4      | Killed Natasha
  2913 | D:4      | Found a runed door.
  3039 | D:5      | Entered Level 5 of the Dungeon
  3089 | D:5      | Found Gouqec's Assorted Antiques.
  3278 | D:5      | Reached skill level 1 in Dodging
  3471 | D:5      | Gained mutation: You have razor-sharp teeth. [Vine Stalker growth]
  3471 | D:5      | Reached XP level 8. HP: 29/39 MP: 6/9
  3797 | D:5      | Bought a potion of curing for 87 gold pieces
  4201 | D:6      | Noticed Duvessa
  4201 | D:6      | Noticed Dowan
  4214 | D:6      | Killed Duvessa
  4224 | D:6      | Killed Dowan
  4224 | D:6      | Reached skill level 6 in Maces & Flails
  4653 | D:6      | Reached skill level 7 in Maces & Flails
  4733 | D:6      | Reached XP level 9. HP: 43/43 MP: 10/10
  5153 | D:7      | Slain by a killer bee

Skill      XL: |  1  2  3  4  5  6  7  8 |
---------------+-------------------------+-----
Maces & Flails | 2 3 4 5 7 |  7.6
Shields        | 3 5 6 |  6.3
Dodging        | 2 4 |  4.0
Fighting       | |  2.6
Armour         | |  2.4

Action                   |  1- 3 |  4- 6 |  7- 9 || total
-------------------------+-------+-------+-------++-------
Melee: Flail             |    91 |   193 |   250 ||   534
       Bite              |    21 |    55 |    98 ||   174
       Mace              |       |       |     5 ||     5
  Use: Scroll            |     3 |       |     3 ||     6
       Potion            |       |       |     7 ||     7
  Eat: Chunk             |       |     5 |     6 ||    11
       Fruit             |       |     1 |       ||     1
       Pizza             |       |       |     2 ||     2
Armor: Scale mail        |    41 |    59 |    68 ||   168
Dodge: Dodged            |    31 |    54 |    91 ||   176
Block: Shield            |    69 |    70 |   157 ||   296
